 Dungeon Crawl Stone Soup version 0.28-a0-1555-g9ae15a6949 (webtiles) character file.

Game seed: 9218932246374070728

3 gruber the Conjurer (level 1, 0/14 HPs)
             Began as a Draconian Conjurer on Jan 18, 2022.
             Slain by a quokka (2 damage)
             ... on level 1 of the Dungeon.
             The game lasted 00:00:23 (57 turns).

gruber the Conjurer (Draconian Conjurer)              Turns: 57, Time: 00:00:23

Health: 0/14       AC:  4    Str:  9    XL:     1   Next: 41%
Magic:  1/3        EV: 12    Int: 18    God:
Gold:   0          SH:  0    Dex:  9    Spells: 3/4 levels left

rFire   . . .      SeeInvis .   (no weapon)
rCold   . . .      Faith    .   (no shield)
rNeg    . . .      Spirit   .   (armour unavailable)
rPois   .          Reflect  .   (helmet restricted)
rElec   .          Harm     .   (no cloak)
rCorr   .          Rampage  .   (no gloves)
Will    .....                   (no boots)
Stlth   ++........              (no amulet)
HPRegen 0.04/turn               (no ring)
MPRegen 0.08/turn               (no ring)

@: no status effects
A: AC +4, unfitting armour, cold-blooded
a: no special abilities


You were on level 1 of the Dungeon.
You visited 1 branch of the dungeon, and saw 1 of its levels.

You aren't carrying anything.


   Skills:
 - Level 1.7 Dodging
 - Level 1.7 Stealth
 + Level 2.0 Spellcasting
 + Level 4.1 Conjurations


You had 3 spell levels left.
You knew the following spells:

 Your Spells              Type           Power      Damage    Failure   Level
a - Magic Dart            Conj           64%        1d6       3%          1

Your spell library contained the following spells:

 Spells                   Type           Power      Damage    Failure   Level
 Searing Ray              Conj           32%        2d5       4%          2
 Dazzling Flash           Conj/Hex       18%        N/A       22%         3
 Fulminant Prism          Conj/Hex       4%         3d6       58%         4
 Iskenderun's Mystic Bla  Conj/Tloc      9%         2d4       58%         4


Dungeon Overview and Level Annotations

Branches:
Dungeon (1/15)

Altars:


Innate Abilities, Weirdness & Mutations

Your plain brown scales are hard. (AC +4)
You cannot fit into any form of body armour.
You are cold-blooded and may be slowed by cold attacks.


Message History

The bat barely misses you. The bat hits you but does no damage. x2
The bat hits you but does no damage.
You completely miss the bat. The bat misses you.
You closely miss the bat. The bat hits you but does no damage.
The bat misses you.
You barely miss the bat. The bat closely misses you. x2
You hit the bat but do no damage. The bat closely misses you. x2
You hit the bat but do no damage.
Your tail-slap misses the bat.
The bat barely misses you. The bat hits you but does no damage.
You hit the bat. Your punch misses the bat.
The bat is severely wounded.
The bat hits you. The bat hits you but does no damage.
You barely miss the bat.
The bat is severely wounded.
The bat closely misses you.
You hit the bat but do no damage.
Your tail-slap misses the bat.
The bat is severely wounded.
The bat barely misses you.
You closely miss the bat.
The bat is severely wounded.
The bat hits you but does no damage. The bat closely misses you.
You hit the bat but do no damage.
Your tail-slap misses the bat.
The bat is severely wounded.
The bat closely misses you. x2
You hit the bat.
You kill the bat!
You closely miss the quokka. The quokka bites you.
* * * LOW HITPOINT WARNING * * *
The quokka bites you.
* * * LOW HITPOINT WARNING * * *
Casting: Magic Dart (safe; 3% risk of failure)
Confirm with . or Enter, or press ? or * to list all spells.
Aiming: Magic Dart (safe; 3% risk of failure)
Press: ? - help, Shift-Dir - straight line, f/p - quokka
Aim: a quokka (100% to hit)
The magic dart hits the quokka.
The quokka is heavily wounded.
The quokka bites you.
You die...

..##........#....B.. .
###..............
#######.#..... #g# ##..
#b# #.#####.. #........
#.#############..#####.
#.....@rbg.......#
###############....)..
#..##### #..# ...# ##.#
.# .#


You could see a quokka, a goblin and a bat.

Vanquished Creatures
  A hobgoblin (D:1)
  A kobold (D:1)
  A bat (D:1)
3 creatures vanquished.

Notes
Turn   | Place    | Note
-------+----------+-------------------------------------------
     0 | D:1      | gruber the Draconian Conjurer began the quest for the Orb.
     0 | D:1      | Reached XP level 1. HP: 14/14 MP: 3/3
    57 | D:1      | Slain by a quokka

Illustrated notes

Levels and vault maps discovered:
D:1:      minmay_arrival_radiant_lines, layout_loops_ring,
          minmay_rat_gold_closets

Action                   || total
-------------------------++-------
Melee: Unarmed           ||    16
       Tailslap          ||     1
 Cast: Magic Dart        ||     6
Armor: Skin              ||    12
Dodge: Dodged            ||    41

Table legend: (Time is in decaauts)
 A = Elapsed time spent in this place.
 B = Non-inter-level travel time spent in this place.
 C = Inter-level travel time spent in this place.
 D = Time resting spent in this place.
 E = Time spent auto-exploring this place.
 F = Levels seen in this place.
 G = Mean time per level.
                   A        B        C        D        E       F      G
               +--------+--------+--------+--------+--------+-----+--------+
         Total |     57 |     57 |      0 |      0 |      1 |   1 |   57.0 |
       Dungeon |     57 |     57 |      0 |      0 |      1 |   1 |   57.0 |
               +--------+--------+--------+--------+--------+-----+--------+

Top non-repeatable levels by time:
     D:1: 57 daAuts
